 Dungeon Crawl Stone Soup version 0.21.1-68-g103a7afc0a (webtiles) character file.

11484 OlSheep the Covert (level 11, -2/75 HPs)
             Began as a Vine Stalker Enchanter on July 29, 2018.
             Was a Priest of Dithmenos.
             Slain by an orc warrior (7 damage)
             ... on level 1 of the Orcish Mines on Aug 1, 2018.
             The game lasted 01:52:41 (13396 turns).

OlSheep the Covert (Vine Stalker Enchanter)        Turns: 13396, Time: 01:52:42

Health: -2/75      AC: 25    Str: 19    XL:     11   Next: 78%
Magic:  0/22       EV:  2    Int: 15    God:    Dithmenos [***...]
Gold:   1173       SH:  0    Dex: 17    Spells: 12/24 levels left

rFire    . . .     SeeInvis .   a - +3 dagger (speed)
rCold    . . .     Gourm    .   (no shield)
rNeg     + + +     Faith    .   (armour currently unavailable)
rPois    +         Spirit   +   (helmet currently unavailable)
rElec    .         Reflect  .   (cloak currently unavailable)
rCorr    .         Harm     .   (gloves currently unavailable)
MR       +....     NoTele   +   (boots currently unavailable)
Stlth    ++++++++..             S - amulet of magic regeneration
HPRegen  0.62/turn              i - ring of positive energy
MPRegen  0.43/turn              Q - +2 ring of strength

@: mighty, tree-form, very slightly contaminated, wreathed by umbra
A: regeneration 1, magic shield, no potion heal 3, rot immunity
a: Shadow Step, Renounce Religion


You were on level 1 of the Orcish Mines.
You worshipped Dithmenos.
Dithmenos was most pleased with you.
You were hungry.
You were a tree.
You visited 3 branches of the dungeon, and saw 14 of its levels.

You collected 1173 gold pieces.

Inventory:

Hand Weapons
 a - a +3 dagger of speed (weapon)
 b - the +7 hunting sling of Untruth {venom, *Corrode +Inv MR+++ Int+4}
   (You found it on level 5 of the Dungeon)

   It poisons the ammo it fires.
   It affects your intelligence (+4).
   It affects your resistance to hostile enchantments.
   It lets you turn invisible.
   It may corrode you when you take damage.
 c - a +1 short sword of draining
 H - a +1 short sword of venom
 M - a +4 falchion of slicing
Missiles
 g - 306 stones (quivered)
 D - 27 sling bullets
Armour
 k - a +3 ring mail (melded)
 l - a +0 shield
 p - a +1 helmet (melded)
 E - a +0 ring mail of fire resistance
 I - a +0 pair of gloves (melded)
 L - the +1 chain mail of the Unseen Realm {rF+ Str+4 Dex+4}
   (You found it on level 8 of the Dungeon)

   It affects your strength (+4).
   It affects your dexterity (+4).
   It protects you from fire.
 P - the cursed +0 cloak "Nuiz" (melded) {MR++ Int-2 Stlth+}
   (You found it on level 11 of the Dungeon)

   It affects your intelligence (-2).
   It affects your resistance to hostile enchantments.
   It makes you more stealthy.
   It has a curse placed upon it.
 R - the +10 chain mail of Benevolence {MR+}
   (You found it on level 9 of the Dungeon)

   It affects your resistance to hostile enchantments.
 T - the +2 ring mail of Mumivver {rPois MR- Str+4}
   (You found it on level 9 of the Dungeon)

   It affects your strength (+4).
   It protects you from poison.
   It affects your resistance to hostile enchantments.
Jewellery
 i - a ring of positive energy (left branch)
 w - an uncursed ring of positive energy
 Q - a +2 ring of strength (right branch)
 S - an amulet of magic regeneration (around neck)
 U - an uncursed ring of resist corrosion
Wands
 o - a wand of polymorph (17)
 y - a wand of digging (8)
 z - a wand of iceblast (17)
 K - a wand of disintegration (14)
Scrolls
 f - 6 scrolls of remove curse
 u - 2 scrolls of magic mapping
 v - 3 scrolls of enchant armour
 x - 2 scrolls of amnesia
 A - a scroll of random uselessness {unknown}
 F - a scroll of fog
 O - a scroll of torment {unknown}
 V - a scroll of identify
Potions
 e - a potion of brilliance
 h - 3 potions of ambrosia
 j - a potion of invisibility
 n - 2 potions of might
 q - 3 potions of heal wounds {unknown}
 r - 6 potions of flight
 s - a potion of mutation {unknown}
 t - a potion of lignification
 C - 7 potions of curing
 J - a potion of cancellation {unknown}
Books
 B - a book of Maledictions

   Spells                             Type                      Level
   a - Corona                         Hexes                        1
   b - Ensorcelled Hibernation        Hexes/Ice                    2
   c - Confuse                        Hexes                        3
   d - Tukima's Dance                 Hexes                        3
   e - Dazzling Spray                 Conjuration/Hexes            3
 W - the Volume of Unstable Dislocation
   (You found it on level 11 of the Dungeon)

   Spells                             Type                      Level
   a - Blink                          Translocation                2
   b - Sticks to Snakes               Transmutation                2
   c - Ignite Poison                  Fire/Transmutation/Poison    3
   d - Controlled Blink               Translocation                8
Miscellaneous
 m - a phantom mirror
 N - a lightning rod (4/4)
Comestibles
 d - 24 rations
 G - 6 chunks of flesh


   Skills:
 + Level 2.0 Fighting
 + Level 5.2 Short Blades
 * Level 4.9 Armour
 - Level 2.3 Dodging
 + Level 13.3 Stealth
 * Level 2.0 Shields
 - Level 7.0 Spellcasting
 + Level 9.8 Hexes
 - Level 4.0 Ice Magic


You had 12 spell levels left.
You knew the following spells:

 Your Spells              Type           Power        Failure   Level  Hunger
a - Corona                Hex            ####...      1%          1    None
b - Ensorcelled Hibernat  Hex/Ice        ####..       1%          2    None
c - Confuse               Hex            ####....     1%          3    ##.....
d - Tukima's Dance        Hex            ####....     1%          3    ##.....
e - Dazzling Spray        Conj/Hex       ###...       5%          3    ##.....


Dungeon Overview and Level Annotations

Branches:
Dungeon (11/15)            Temple (1/1) D:6            Lair (0/6) D:11
    Orc (2/2) D:11
    Elf: Orc:2

Altars:
Ashenzari
Cheibriados
Dithmenos
Elyvilon
Fedhas
Gozag
Hepliaklqana
Kikubaaqudgha
Makhleb
Nemelex Xobeh
Okawaru
Qazlal
Ru
Sif Muna
Trog
Uskayaw
Vehumet
Wu Jian
Xom
Yredelemnul
Zin
The Shining One
Beogh

Shops:
Orc:1 *

Annotations:
D:2 2 transporters, Menkaure
D:7 exclusion: downstairs
D:8 Kirk's ghost, novice DsGl
D:10 imnir's ghost, journeyman HOFi
D:11 1 transporter


Innate Abilities, Weirdness & Mutations

((You have razor-sharp teeth.))
Your natural rate of healing is unusually fast.
When hurt, damage is shared between your health and your magic reserves.
((Your bite disrupts and absorbs the magic of your enemies.))
Potions cannot restore your health.
You are immune to rotting.


Message History

The cursed +0 cloak "Nuiz" {MR++ Int-2 Stlth+} melds into your body.
Your +1 helmet melds into your body.
Your +0 pair of gloves melds into your body.
Your +3 ring mail melds into your body.
Your roots penetrate the ground.
The orc wizard hits your mace but does no damage.
The orc hits you but does no damage. The orc completely misses you.
Your mace hits the orc. The orc wizard barely misses your mace.
Your flail hits the orc warrior.
The orc priest hits you but does no damage.
The orc warrior hits you but does no damage.
You feel very mighty all of a sudden.
The orc wizard mumbles some strange words.
The orc wizard blinks!
The orc wizard hits your mace but does no damage.
The orc hits you.
* * * LOW HITPOINT WARNING * * *
The orc wizard mumbles some strange words.
The orc wizard blinks!
Your mace completely misses the orc.
The orc warrior hits you!
You die...

..##...## ##...## #
#.....###.....#
###......##....####
.........#...#....##
.............##....##
.....##....###...$..##
....#####..####......#
.....##....$###.(...##
.............##o♣o.##
..............§oo.##
##.....####....(o## #
...#..........(.# ...#
....##..o..# ...#
...####.....# ## #...
#......# o... ......##
...#.##


You could see an orc warrior, an orc priest, an orc wizard, 3 orcs and 2
friendly dancing weapons.

Vanquished Creatures
  A two-headed ogre (D:10)
  Nergalle (D:11)
  An unseen horror (D:11)
  A deep elf mage (D:10)
  A cyclops (D:10)
  A komodo dragon (D:10)
  An efreet (D:9)
  A polar bear (D:10)
  2 trolls
  2 hippogriffs (D:9)
  A shadow (D:9)
  Eustachio (D:6)
  A human (D:10)
  2 hungry ghosts
  Edmund (D:6)
  2 hell hounds (D:11)
  12 ice beasts
  2 sky beasts (D:9)
  8 orc warriors
  2 phantoms
  A wolf (D:10)
  9 ogres
  The ghost of zuik the Poker, an amateur MfSk (D:3)
  5 centaurs
  A necrophage (D:10)
  6 bullfrogs
  A big kobold (D:4)
  7 scorpions
  7 killer bees
  2 electric eels (D:10)
  3 wights (D:10)
  5 crimson imps
  A gnoll shaman (D:5)
  A bullfrog skeleton (D:9)
  A centaur zombie (D:9)
  3 hounds
  4 jellies
  3 orc priests
  13 orc wizards
  A centaur skeleton (D:5)
  Ijyb (D:3)
  An iguana (D:10)
  15 worker ants
  Terence (D:3)
  A hound zombie (D:9)
  A hound skeleton (D:10)
  A howler monkey zombie (D:5)
  Robin (D:2)
  16 gnolls
  2 howler monkey skeletons (D:9)
  13 adders
  2 shadow imps
  3 white imps (D:10)
  2 ufetubi (D:10)
  An ooze (D:3)
  2 adder skeletons
  An adder zombie (D:9)
  3 worms
  4 dart slugs
  3 leopard geckos
  42 orcs
  A ball python (D:3)
  7 bats
  4 giant cockroaches
  23 goblins
  11 hobgoblins
  14 jackals
  12 kobolds
  3 quokkas
  8 frilled lizards
  A giant cockroach zombie (D:5)
  A leopard gecko skeleton (D:5)
  A quokka skeleton (D:5)
  8 rats
329 creatures vanquished.

Vanquished Creatures (collateral kills)
  An ogre (D:6)
  A wight (D:10)
  A crimson imp (D:6)
  An orc priest (D:4)
  A gnoll (D:8)
  3 orcs
  A goblin (D:3)
9 creatures vanquished.

Vanquished Creatures (others)
  6 dancing weapons
  An orc (D:10)
  A quokka (D:10)
8 creatures vanquished.

Grand Total: 346 creatures vanquished

Notes
Turn   | Place    | Note
-------+----------+-------------------------------------------
     0 | D:1      | OlSheep the Vine Stalker Enchanter began the quest for the Orb.
     0 | D:1      | Reached XP level 1. HP: 9/9 MP: 4/4
   506 | D:1      | Reached XP level 2. HP: 13/13 MP: 6/6
   602 | D:1      | Reached skill level 4 in Stealth
   606 | D:1      | Learned a level 2 spell: Ensorcelled Hibernation
   766 | D:1      | Reached skill level 1 in Short Blades
   886 | D:1      | Reached XP level 3. HP: 16/16 MP: 7/7
  1399 | D:2      | Reached skill level 5 in Stealth
  1501 | D:2      | Noticed Robin
  1658 | D:2      | Gained mutation: Your natural rate of healing is unusually fast. [Vine Stalker growth]
  1658 | D:2      | Reached XP level 4. HP: 14/21 MP: 2/8
  1752 | D:2      | Killed Robin
  1895 | D:2      | Found a transporter.
  1898 | D:2      | Found a basalt altar of Yredelemnul.
  1902 | D:2      | Noticed Menkaure
  1910 | D:2      | Found an ancient bone altar of Kikubaaqudgha.
  1913 | D:2      | Found a transporter.
  2181 | D:2      | Reached XP level 5. HP: 24/24 MP: 1/9
  2564 | D:2      | Found a snail-covered altar of Cheibriados.
  2671 | D:3      | Noticed zuik's ghost (amateur MfSk)
  2770 | D:3      | Learned a level 3 spell: Confuse
  2774 | D:3      | Learned a level 3 spell: Tukima's Dance
  2825 | D:3      | Noticed Terence
  3026 | D:3      | Reached skill level 1 in Armour
  3026 | D:3      | Reached skill level 6 in Stealth
  3026 | D:3      | Reached skill level 1 in Ice Magic
  3034 | D:3      | Reached XP level 6. HP: 14/29 MP: 2/11
  3082 | D:3      | Found a shattered altar of Ashenzari.
  3569 | D:3      | Killed zuik's ghost
  3939 | D:3      | Killed Terence
  3939 | D:3      | Reached XP level 7. HP: 32/32 MP: 9/13
  4053 | D:3      | Noticed Ijyb
  4088 | D:3      | Killed Ijyb
  4088 | D:3      | Reached skill level 7 in Stealth
  4467 | D:4      | Found a shimmering altar of Xom.
  4957 | D:4      | Reached skill level 8 in Stealth
  5161 | D:4      | Gained mutation: You have razor-sharp teeth. [Vine Stalker growth]
  5161 | D:4      | Reached XP level 8. HP: 37/37 MP: 4/15
  5181 | D:4      | Learned a level 3 spell: Dazzling Spray
  5194 | D:4      | Reached skill level 5 in Hexes
  5205 | D:4      | Found a hide-covered altar of Uskayaw.
  5363 | D:5      | Entered Level 5 of the Dungeon
  5853 | D:5      | Reached skill level 9 in Stealth
  6148 | D:5      | Got a shimmering hunting sling
  6154 | D:5      | Identified the +7 hunting sling of Untruth {venom, *Corrode +Inv MR+++ Int+4} (You found it on level 5 of the Dungeon)
  6202 | D:5      | Reached skill level 5 in Spellcasting
  6434 | D:6      | Reached XP level 9. HP: 40/40 MP: 17/17
  6480 | D:6      | Noticed Eustachio
  6524 | D:6      | Killed Eustachio
  6524 | D:6      | Reached skill level 1 in Fighting
  6756 | D:6      | Noticed Edmund
  6792 | D:6      | Killed Edmund
  6911 | D:6      | Found a staircase to the Ecumenical Temple.
  6917 | Temple   | Entered the Ecumenical Temple
  7272 | Temple   | Became a worshipper of Dithmenos the Shadowed
  8162 | D:7      | Reached skill level 10 in Stealth
  8651 | D:8      | Got a slimy chain mail
  8695 | D:8      | Found a glowing golden altar of the Shining One.
  8773 | D:8      | Identified the cursed +1 chain mail of the Unseen Realm {rF+ Str+4 Dex+4} (You found it on level 8 of the Dungeon)
  8817 | D:8      | Noticed Kirk's ghost (novice DsGl)
  8963 | D:7      | Upgraded the game from 0.21.1-1-g345015fe64 to 0.21.1-35-gfefc1aa2bb
  9001 | D:8      | Reached XP level 10. HP: 45/45 MP: 11/20
  9056 | D:8      | Found a sparkling altar of Nemelex Xobeh.
  9056 | D:8      | Found an opulent altar of Gozag.
  9429 | D:9      | Reached * piety under Dithmenos
  9578 | D:9      | Reached skill level 11 in Stealth
  9610 | D:9      | Got a faintly glowing chain mail
  9661 | D:9      | Identified the +10 chain mail of Benevolence {MR+} (You found it on level 9 of the Dungeon)
 10192 | D:9      | Reached skill level 12 in Stealth
 10317 | D:9      | Found an ornate altar of the Wu Jian Council.
 10321 | D:9      | Got a jewelled ring mail
 10570 | D:9      | Found a snail-covered altar of Cheibriados.
 10603 | D:10     | Entered Level 10 of the Dungeon
 10619 | D:10     | Noticed a cyclops
 10778 | D:10     | Noticed a deep elf mage
 10842 | D:10     | Killed a deep elf mage
 10901 | D:10     | Noticed imnir's ghost (journeyman HOFi)
 10966 | D:11     | Reached XP level 11. HP: 49/49 MP: 22/22
 11127 | D:10     | Reached ** piety under Dithmenos
 11432 | D:10     | Upgraded the game from 0.21.1-35-gfefc1aa2bb to 0.21.1-68-g103a7afc0a
 11732 | D:10     | Identified the +2 ring mail of Mumivver {rPois MR- Str+4} (You found it on level 9 of the Dungeon)
 11772 | D:10     | Noticed a two-headed ogre
 11782 | D:10     | Killed a two-headed ogre
 11838 | D:10     | Killed a cyclops
 12039 | D:11     | Found a staircase to the Orcish Mines.
 12046 | Orc:1    | Entered Level 1 of the Orcish Mines
 12046 | Orc:1    | Found Racao's Retail Resort.
 12048 | Orc:1    | Reached skill level 5 in Short Blades
 12087 | D:11     | Found a blossoming altar of Fedhas.
 12098 | D:11     | Noticed a four-headed hydra
 12098 | D:11     | Noticed Nergalle
 12411 | D:11     | Killed Nergalle
 12461 | D:11     | Got a transparent cloak
 12469 | D:11     | Identified the cursed +0 cloak "Nuiz" {MR++ Int-2 Stlth+} (You found it on level 11 of the Dungeon)
 12492 | D:11     | Found a transporter.
 12516 | D:11     | Noticed an ogre mage
 12575 | D:11     | Reached skill level 1 in Shields
 12590 | D:11     | Reached skill level 13 in Stealth
 12646 | D:11     | Noticed an unseen horror
 12648 | D:11     | Killed an unseen horror
 12669 | D:11     | Reached *** piety under Dithmenos
 12765 | D:11     | Identified the Volume of Unstable Dislocation
 12981 | D:11     | Found a staircase to the Lair.
 13132 | Orc:2    | Entered Level 2 of the Orcish Mines
 13232 | Orc:1    | Found a roughly hewn altar of Beogh.
 13396 | Orc:1    | Slain by an orc warrior

Skill      XL: |  1  2  3  4  5  6  7  8  9 10 11 |
---------------+----------------------------------+-----
Stealth        | 4 5 6 8 9 10 12 13 | 13.3
Short Blades   | 1 2 3 4 5 |  5.2
Armour         | 1 2 3 4 |  4.9
Ice Magic      | 1 3 4 |  4.0
Spellcasting   | 3 4 5 6 7 |  7.0
Hexes          | 4 6 7 8 9 |  9.8
Dodging        | 2 |  2.3
Fighting       | 1 2 |  2.0
Shields        | 2 |  2.0

Action                   |  1- 3 |  4- 6 |  7- 9 | 10-12 || total
-------------------------+-------+-------+-------+-------++-------
Melee: Dagger            |    82 |   143 |   332 |   231 ||   788
       Bite              |    11 |    34 |    85 |    67 ||   197
       Short sword       |       |       |       |    14 ||    14
 Fire: Hunting sling     |       |    15 |       |    30 ||    45
 Cast: Corona            |     5 |     2 |       |     4 ||    11
       Ensorcelled Hiber |    11 |    29 |    92 |   114 ||   246
       Confuse           |       |     6 |    22 |    59 ||    87
       Tukima's Dance    |       |     5 |    38 |    23 ||    66
       Dazzling Spray    |       |       |     1 |       ||     1
  Use: Scroll            |       |     8 |    12 |     6 ||    26
       Potion            |       |       |     2 |     2 ||     4
 Stab: Sleeping          |    17 |    23 |    49 |    83 ||   172
       Confused          |       |     4 |    13 |    23 ||    40
       Distracted        |       |       |     2 |     1 ||     3
       Invisible         |       |       |     1 |       ||     1
  Eat: Chunk             |     3 |    11 |    26 |    10 ||    50
       Ration            |       |       |       |     2 ||     2
Armor: Leather armour    |    10 |    28 |    89 |     4 ||   131
       Robe              |     1 |       |       |       ||     1
       Skin              |       |       |     8 |     3 ||    11
       Ring mail         |       |       |       |    76 ||    76
Dodge: Dodged            |    33 |    69 |   164 |   109 ||   375
